 Dungeon Crawl Stone Soup version 0.28.0 (webtiles) character file.

Game seed: 18226684153063847510

3796 GrayStillPlays the Cleaver (level 10, -7/81 HPs)
             Began as a Gnoll Cinder Acolyte on Feb 6, 2022.
             Was a Follower of Ignis.
             Shot with an arrow by a centaur warrior (11 damage)
             ... on level 8 of the Dungeon.
             The game lasted 00:44:33 (10007 turns).

GrayStillPlays the Cleaver (Gnoll Cinder Acolyte)  Turns: 10007, Time: 00:44:34

Health: -7/81      AC:  4    Str: 13    XL:     10   Next: 16%
Magic:  0/18       EV: 12    Int: 17    God:    Ignis [*.....]
Gold:   370        SH:  4    Dex:  9    Spells: 13/20 levels left

rFire   + + .      SeeInvis .   n - +1 long sword of Jeissip {drain, +Blink Fly, long}
rCold   x . .      Faith    .   f - +0 buckler
rNeg    . . .      Spirit   +   b - +0 robe
rPois   .          Reflect  .   (no helmet)
rElec   .          Harm     .   (no cloak)
rCorr   .          Rampage  .   z - +0 pair of gloves
Will    .....                   L - +0 pair of boots
Stlth   +++.......              G - amulet of guardian spirit
HPRegen 0.23/turn               A - ring of wizardry
MPRegen 0.16/turn               D - ring of fire

@: flying, invisible
A: fangs 1, strong nose, distributed training
a: Renounce Religion, Evoke Blink, Fiery Armour, Foxfire Swarm, Rising Flame


You were on level 8 of the Dungeon.
You worshipped Ignis.
Ignis was aware of your devotion.
You visited 1 branch of the dungeon, and saw 8 of its levels.
You also visited: Sewer.

You collected 370 gold pieces.


Innate Abilities, Weirdness & Mutations

You have very sharp teeth.
Your uncanny sense of smell can sniff out nearby items.
Your experience applies equally to all skills.


   Skills:
 + Level 8.3 Fighting
 + Level 5.0 Short Blades
 + Level 5.0 Long Blades
 + Level 8.3 Axes
 + Level 5.0 Maces & Flails
 + Level 5.0 Polearms
 + Level 5.0 Staves
 + Level 5.0 Slings
 + Level 5.0 Bows
 + Level 5.0 Crossbows
 + Level 5.0 Throwing
 + Level 5.0 Armour
 + Level 5.0 Dodging
 + Level 5.0 Stealth
 + Level 5.0 Shields
 + Level 5.0 Unarmed Combat
 + Level 5.8 Spellcasting
 + Level 4.1 Conjurations
 + Level 4.1 Hexes
 + Level 4.1 Summonings
 + Level 4.1 Necromancy
 + Level 4.1 Translocations
 + Level 4.1 Transmutations
 + Level 6.9 Fire Magic
 + Level 4.1 Ice Magic
 + Level 4.1 Air Magic
 + Level 4.1 Earth Magic
 + Level 4.1 Poison Magic
 + Level 5.5 Invocations
 + Level 5.0 Evocations


You had 13 spell levels left.
You knew the following spells:

 Your Spells              Type           Power      Damage    Failure   Level
a - Scorch                Fire           86%        2d9       1%          2
b - Poisonous Vapours     Pois/Air       38%        N/A       1%          2
c - Ignite Poison         Fire/Tmut/Pois 33%        N/A       2%          3

Your spell library contained the following spells:

 Spells                   Type           Power      Damage    Failure   Level
 Animate Skeleton         Necr           38%        N/A       1%          1
 Apportation              Tloc           38%        N/A       1%          1
 Magic Dart               Conj           76%        1d6       1%          1
 Sting                    Tmut/Pois      76%        1d6       1%          1
 Summon Small Mammal      Summ           76%        N/A       1%          1
 Call Imp                 Summ           19%        N/A       1%          2
 Corpse Rot               Necr/Air       38%        N/A       1%          2
 Mephitic Cloud           Conj/Pois/Air  19%        N/A       3%          3
 Anguish                  Hex/Necr       9%         N/A       12%         4
 Dispel Undead            Necr           19%        3d11      12%         4
 Olgreb's Toxic Radiance  Pois           19%        N/A       12%         4
 Freezing Cloud           Conj/Ice/Air   9%         6-21      32%         5
 Summon Mana Viper        Hex/Summ       19%        N/A       32%         5
 Death Channel            Necr           9%         N/A       86%         6
 Ignition                 Fire           21%        3d8       100%        8

Inventory:

Hand Weapons
 a - a -1 hand axe of flaming {axe}
 k - a +2 falchion of holy wrath {long}
   (You took it off an orc priest on level 3 of the Dungeon)
 n - the +1 long sword of Jeissip (weapon) {drain, +Blink Fly, long}
   (You found it on level 4 of the Dungeon)

   A truly terrible weapon, it drains the life of any living foe it strikes.
   Fly:       It grants you flight.
   +Blink:    It lets you blink.
Missiles
 d - 64 bolts
 h - 231 stones {throwing}
 i - 71 sling bullets
 q - 14 poisoned darts {throwing}
 y - 5 curare-tipped darts {=fthrowing}
 E - a throwing net {=f!fthrowing}
 F - 119 arrows
Armour
 b - a +0 robe (worn)
 f - a +0 buckler (worn)
   (You found it on level 1 of the Dungeon)
 z - a +0 pair of gloves (worn)
   (You found it on level 5 of the Dungeon)
 L - a +0 pair of boots (worn)
   (You found it on level 8 of the Dungeon)
Jewellery
 A - a ring of wizardry (left hand)
   (You found it on level 4 of the Dungeon)
 D - a ring of fire (right hand)
   (You found it on level 6 of the Dungeon)
 G - an amulet of guardian spirit (around neck)
   (You found it on level 5 of the Dungeon)
Wands
 l - a wand of mindburst (8)
   (You found it on level 3 of the Dungeon)
 w - a wand of iceblast (5)
   (You found it on level 4 of the Dungeon)
 K - a wand of charming (6)
   (You found it on level 8 of the Dungeon)
Scrolls
 c - 2 scrolls of blinking {unknown}
 m - 2 scrolls of enchant weapon {unknown}
 p - 2 scrolls of magic mapping {unknown}
 s - a scroll of vulnerability {unknown}
 x - 4 scrolls of teleportation {@r4}
 C - a scroll of acquirement {unknown}
 H - a scroll of immolation {unknown}
Potions
 e - 3 potions of flight {unknown}
 g - 3 potions of attraction {!q}
 j - 3 potions of magic
 o - 2 potions of might
 r - 3 potions of haste {@q3}
 t - 2 potions of invisibility
 u - 3 potions of mutation {unknown}
 v - a potion of berserk rage {unknown}
 B - 2 potions of heal wounds {unknown}
 I - a potion of curing {unknown}
 J - a potion of degeneration {unknown}

Dungeon Overview and Level Annotations

Branches:
Dungeon (8/15)             Temple (0/1) D:4           Sewer (visited)
   Lair: D:8-11

Altars:
Elyvilon
Fedhas
Makhleb
Sif Muna

Shops:
D:2 (   D:5 [

Annotations:
D:8 exclusion: 2 killer bees

..# #.## .y #.#
.. #.# .. ##.##
.#########...##
..............#
...........###..#
###........# ####
##.......# ##@#
##......####.##
##.....##..##
#........## .
#.....#..# ..
#....c.##..# ..
........###.#
............ #.#
......##... ##


You could see a centaur warrior.


Message History

You feel sick.
Things that are here:
a +2 scimitar of flaming {long}; a +0 robe; the human corpse of Erica 😮 HP[-1]
You take 1 damage, and now have 52/81 hp.
You feel sick. 😮 HP[-1] MP[+1]
You take 1 damage, and now have 51/81 hp.
You feel sick.
You feel sick. 😮 HP[-1]
You take 1 damage, and now have 50/81 hp.
You feel sick.
There is a stone staircase leading up here. 😮 HP[-1]
You take 1 damage, and now have 49/81 hp.
You feel sick.
You are no longer poisoned.
You fly upwards.
There is a stone staircase leading down, spattered with blood here.
You start resting. 😮 HP[+6] MP[+5]
You regained 6 hp, and now have 55/81 hp.
Your mp is fully restored (18).
You start resting.
A centaur skeleton comes into view. 😮 HP[+4]
You regained 4 hp, and now have 59/81 hp.
You are too injured to fight recklessly!
You are too injured to fight recklessly!
Casting: Scorch (safe; 1% risk of failure)
Confirm with . or Enter, or press ? or * to list all spells.
You feel a surge of power!
Flames lash the centaur skeleton.
The centaur skeleton's fire resistance burns away. 😮 MP[-2]
You lost 2 mp, and now have 16/18 mp.
Casting: Scorch (safe; 1% risk of failure)
Confirm with . or Enter, or press ? or * to list all spells.
You feel a surge of power!
Flames lash the centaur skeleton.
The centaur skeleton is burned terribly!
You destroy the centaur skeleton! 😮 HP[+1] MP[-2]
You lost 2 mp, and now have 14/18 mp.
Casting: Scorch (safe; 1% risk of failure)
Confirm with . or Enter, or press ? or * to list all spells.
Okay, then.
You start resting. 😕 HP[+5] MP[+4]
You regained 5 hp, and now have 65/81 hp.
Your mp is fully restored (18).
You start resting. 😎 HP[+16]
Your hp is fully restored (81).
There is a stone staircase leading down, spattered with blood here.
Okay, then.
You can't go up here!
You fly downwards.
There is a stone staircase leading up here.
h - 231 stones {throwing} (gained 22)
A killer bee comes into view.
e - 3 lumpy cyan potions (gained 2)
A killer bee comes into view.
You now have 370 gold pieces (gained 21).
Press: ? - help, . - travel You can't see that place. [the floor.] Placed new exclusion.
You pick up a book of Cantrips and begin reading...
You add the spells Animate Skeleton, Summon Small Mammal and Apportation to your library.
j - 3 potions of magic (gained 1)
A centaur warrior comes into view.
The centaur warrior shouts!
The centaur warrior wields a +0 shortbow.
The centaur warrior shoots an arrow.
The arrow hits you!!
The centaur warrior shoots an arrow.
The arrow hits you!!
* * * LOW HITPOINT WARNING * * *
😨 HP[-42] MP[-9]
You take 42 damage, and now have 39/81 hp.
MASSIVE DAMAGE!! (PAUSE)
You lost 9 mp, and now have 9/18 mp. 😨 HP[+1]
The centaur warrior shoots an arrow.
The arrow hits you.
* * * LOW HITPOINT WARNING * * *
😨 HP[-2]
You take 2 damage, and now have 38/81 hp.
The centaur warrior shoots an arrow.
The arrow hits you!!
* * * LOW HITPOINT WARNING * * *
😱 HP[-18] MP[-5]
You take 18 damage, and now have 20/81 hp.
MASSIVE DAMAGE!! (PAUSE)
You lost 5 mp, and now have 4/18 mp.
Aiming: Charm
Press: ? - help, Q - select action, (/) - cycle Shift-Dir - straight line, f - centaur warrior
Aim: a centaur warrior, wielding a +0 shortbow and quivering arrows (chance to affect: 44%)
Okay, then.
You fade into invisibility!
The centaur warrior shoots an arrow.
The arrow hits you!!
* * * LOW HITPOINT WARNING * * *
The centaur warrior shoots an arrow.
The arrow hits you!
You die...

Skill      XL: |  1  2  3  4  5  6  7  8  9 |
---------------+----------------------------+-----
Invocations    | 1 2 3 4 5 |  5.5
Short Blades   | 1 2 3 5 |  5.0
Long Blades    | 1 2 3 5 |  5.0
Maces & Flails | 1 2 3 5 |  5.0
Polearms       | 1 2 3 5 |  5.0
Staves         | 1 2 3 5 |  5.0
Slings         | 1 2 3 5 |  5.0
Bows           | 1 2 3 5 |  5.0
Crossbows      | 1 2 3 5 |  5.0
Throwing       | 1 2 3 5 |  5.0
Armour         | 1 2 3 5 |  5.0
Dodging        | 1 2 3 5 |  5.0
Stealth        | 1 2 3 5 |  5.0
Shields        | 1 2 3 5 |  5.0
Unarmed Combat | 1 2 3 5 |  5.0
Evocations     | 1 2 3 5 |  5.0
Spellcasting   | 3 4 5 |  5.8
Conjurations   | 1 2 3 4 |  4.1
Hexes          | 1 2 3 4 |  4.1
Summonings     | 1 2 3 4 |  4.1
Necromancy     | 1 2 3 4 |  4.1
Translocations | 1 2 3 4 |  4.1
Transmutations | 1 2 3 4 |  4.1
Ice Magic      | 1 2 3 4 |  4.1
Air Magic      | 1 2 3 4 |  4.1
Earth Magic    | 1 2 3 4 |  4.1
Poison Magic   | 1 2 3 4 |  4.1
Fighting       | 7 8 |  8.3
Axes           | 7 8 |  8.3
Fire Magic     | 6 |  6.9

Action                   |  1- 3 |  4- 6 |  7- 9 | 10-12 || total
-------------------------+-------+-------+-------+-------++-------
Melee: Hand axe          |    59 |     7 |       |       ||    66
       Bite              |     8 |     3 |     6 |       ||    17
       Punch             |     1 |       |       |       ||     1
       Falchion          |       |    15 |       |       ||    15
       Long sword        |       |    37 |    66 |       ||   103
Throw: Dart              |       |       |     2 |       ||     2
 Cast: Scorch            |    30 |    31 |   114 |     2 ||   177
       Poisonous Vapours |       |       |    24 |       ||    24
       Ignite Poison     |       |       |     8 |       ||     8
Invok: Foxfire Swarm     |     1 |     2 |     3 |       ||     6
       Fiery Armour      |     1 |       |     2 |       ||     3
 Abil: Evoke Blink       |       |     1 |       |       ||     1
Evoke: Wand              |       |     3 |    11 |       ||    14
  Use: Scroll            |       |       |     6 |       ||     6
       Potion            |       |       |       |     1 ||     1
Armor: Robe              |    13 |    18 |    23 |       ||    54
Dodge: Dodged            |    38 |    38 |    71 |       ||   147
Block: Buckler           |     1 |    11 |    27 |       ||    39

Levels and vault maps discovered:
D:1:      ebering_hopf_link, layout_basic
D:2:      layout_rooms, basic_altar, serial_shops, shop, grunt_ministairs_5
D:3:      layout_loops_cross, dreamdust_ecumenical_altar_grove,
          minmay_gold_behind_fungi
D:4:      layout_gridville, nicolae_overflow_crystal_walls,
          minmay_temple_entry_waves, portal_sewer_entry_f,
          nicolae_concentric_dashed_squares_wild, lemuel_old_faithful,
          uniq_sigmund
D:5:      layout_loops_cross, serial_shops, nicolae_shop_statue_plus
D:6:      layout_basic, chequers_serial_rivers_micro_c, uniq_duvessa
D:7:      layout_loops_cross, fedhas_altar_2, chequers_serial_rivers_micro_c,
          kennysheep_nondescript
D:8:      layout_layer_cave, kennysheep_ying_yang, uniq_erica

Notes
Turn   | Place    | Note
-------+----------+-------------------------------------------
     0 | D:1      | GrayStillPlays the Gnoll Cinder Acolyte began the quest for
                  | the Orb.
     0 | D:1      | Reached XP level 1. HP: 23/23 MP: 4/4
     0 | D:1      | magus.rc [v1.9.6]
   120 | D:1      | Reached XP level 2. HP: 23/29 MP: 5/5
   195 | D:1      | You pick up a book of Vapours and begin reading...
   195 | D:1      | You add the spells Poisonous Vapours and Corpse Rot to your
                  | library.
   393 | D:1      | Learned a level 2 spell: Scorch
   468 | D:1      | You pick up a book of Decay and begin reading...
   468 | D:1      | You add the spells Dispel Undead and Death Channel to your
                  | library.
   480 | D:1      | You add the spells Anguish, Summon Mana Viper and Ignition
                  | to your library.
   480 | D:1      | Got Oloistul's Compendium of Enchantment and Fire
   585 | D:1      | Reached XP level 3. HP: 30/35 MP: 2/7
  1210 | D:2      | Found Utaplupo's Antique Weapon Boutique.
  1286 | D:2      | Found a shimmering blue altar of Sif Muna.
  1372 | D:2      | Reached skill level 1 in Invocations
  1988 | D:3      | Reached skill level 1 in Short Blades
  1988 | D:3      | Reached skill level 1 in Long Blades
  1988 | D:3      | Reached skill level 1 in Maces & Flails
  1988 | D:3      | Reached skill level 1 in Polearms
  1988 | D:3      | Reached skill level 1 in Staves
  1988 | D:3      | Reached skill level 1 in Slings
  1988 | D:3      | Reached skill level 1 in Bows
  1988 | D:3      | Reached skill level 1 in Crossbows
  1988 | D:3      | Reached skill level 1 in Throwing
  1988 | D:3      | Reached skill level 1 in Armour
  1988 | D:3      | Reached skill level 1 in Dodging
  1988 | D:3      | Reached skill level 1 in Stealth
  1988 | D:3      | Reached skill level 1 in Shields
  1988 | D:3      | Reached skill level 1 in Unarmed Combat
  1988 | D:3      | Reached skill level 1 in Evocations
  2028 | D:3      | Found a faded altar of an unknown god.
  2040 | D:3      | Reached skill level 3 in Spellcasting
  2040 | D:3      | Reached XP level 4. HP: 41/41 MP: 2/8
  2048 | D:3      | Reached skill level 1 in Conjurations
  2048 | D:3      | Reached skill level 1 in Hexes
  2048 | D:3      | Reached skill level 1 in Summonings
  2048 | D:3      | Reached skill level 1 in Necromancy
  2048 | D:3      | Reached skill level 1 in Translocations
  2048 | D:3      | Reached skill level 1 in Transmutations
  2048 | D:3      | Reached skill level 1 in Ice Magic
  2048 | D:3      | Reached skill level 1 in Air Magic
  2048 | D:3      | Reached skill level 1 in Earth Magic
  2048 | D:3      | Reached skill level 1 in Poison Magic
  2048 | D:3      | Reached XP level 5. HP: 47/47 MP: 2/9
  2809 | D:4      | You pick up a book of Minor Magic and begin reading...
  2809 | D:4      | You add the spells Magic Dart, Call Imp and Mephitic Cloud
                  | to your library.
  2834 | D:4      | Identified the +1 long sword of Jeissip {drain, +Blink Fly}
  2920 | D:4      | Found a staircase to the Ecumenical Temple.
  2948 | D:4      | HP: 11/47 [gnoll (3)]
  3029 | D:4      | Found a glowing drain.
  3075 | D:4      | Reached XP level 6. HP: 22/53 MP: 10/10
  3091 | D:4      | Reached skill level 2 in Invocations
  3100 | Sewer    | Entered a sewer
  3355 | Sewer    | Reached skill level 2 in Short Blades
  3355 | Sewer    | Reached skill level 2 in Long Blades
  3355 | Sewer    | Reached skill level 2 in Maces & Flails
  3355 | Sewer    | Reached skill level 2 in Polearms
  3355 | Sewer    | Reached skill level 2 in Staves
  3355 | Sewer    | Reached skill level 2 in Slings
  3355 | Sewer    | Reached skill level 2 in Bows
  3355 | Sewer    | Reached skill level 2 in Crossbows
  3355 | Sewer    | Reached skill level 2 in Throwing
  3355 | Sewer    | Reached skill level 2 in Armour
  3355 | Sewer    | Reached skill level 2 in Dodging
  3355 | Sewer    | Reached skill level 2 in Stealth
  3355 | Sewer    | Reached skill level 2 in Shields
  3355 | Sewer    | Reached skill level 2 in Unarmed Combat
  3355 | Sewer    | Reached skill level 2 in Evocations
  3760 | Sewer    | HP: 11/53 [poisoned by a kobold brigand (curare-tipped
                  | dart)]
  3764 | Sewer    | HP: 5/53 [poisoned by a kobold brigand (curare-tipped
                  | dart)]
  3768 | Sewer    | Reached XP level 7. HP: 4/59 MP: 12/12
  3771 | Sewer    | Reached skill level 7 in Fighting
  3771 | Sewer    | Reached skill level 7 in Axes
  3772 | Sewer    | HP: 5/60 [kobold/stone (1)]
  4208 | D:4      | Reached skill level 2 in Conjurations
  4208 | D:4      | Reached skill level 2 in Hexes
  4208 | D:4      | Reached skill level 2 in Summonings
  4208 | D:4      | Reached skill level 2 in Necromancy
  4208 | D:4      | Reached skill level 2 in Translocations
  4208 | D:4      | Reached skill level 2 in Transmutations
  4208 | D:4      | Reached skill level 2 in Ice Magic
  4208 | D:4      | Reached skill level 2 in Air Magic
  4208 | D:4      | Reached skill level 2 in Earth Magic
  4208 | D:4      | Reached skill level 2 in Poison Magic
  4314 | D:4      | You add the spells Sting and Olgreb's Toxic Radiance to
                  | your library.
  4427 | D:4      | You add the spells Ignite Poison and Freezing Cloud to your
                  | library.
  4462 | D:4      | Found a burning altar of Makhleb.
  4589 | D:4      | Noticed Sigmund
  4602 | D:4      | Killed Sigmund
  4603 | D:4      | Reached skill level 4 in Spellcasting
  4603 | D:4      | Reached skill level 3 in Invocations
  4933 | D:5      | Entered Level 5 of the Dungeon
  4946 | D:5      | Reached skill level 6 in Fire Magic
  4946 | D:5      | Reached XP level 8. HP: 67/67 MP: 4/14
  5184 | D:5      | Reached skill level 3 in Short Blades
  5184 | D:5      | Reached skill level 3 in Long Blades
  5184 | D:5      | Reached skill level 3 in Maces & Flails
  5184 | D:5      | Reached skill level 3 in Polearms
  5184 | D:5      | Reached skill level 3 in Staves
  5184 | D:5      | Reached skill level 3 in Slings
  5184 | D:5      | Reached skill level 3 in Bows
  5184 | D:5      | Reached skill level 3 in Crossbows
  5184 | D:5      | Reached skill level 3 in Throwing
  5184 | D:5      | Reached skill level 3 in Armour
  5184 | D:5      | Reached skill level 3 in Dodging
  5184 | D:5      | Reached skill level 3 in Stealth
  5184 | D:5      | Reached skill level 3 in Shields
  5184 | D:5      | Reached skill level 3 in Unarmed Combat
  5184 | D:5      | Reached skill level 3 in Evocations
  5350 | D:5      | HP: 16/67 [gnoll (7)]
  6379 | D:5      | Found Tuucig's Antique Armour Emporium.
  6513 | D:6      | Learned a level 2 spell: Poisonous Vapours
  6517 | D:6      | Learned a level 3 spell: Ignite Poison
  6656 | D:6      | Reached skill level 4 in Invocations
  6729 | D:6      | Reached skill level 3 in Conjurations
  6729 | D:6      | Reached skill level 3 in Hexes
  6729 | D:6      | Reached skill level 3 in Summonings
  6729 | D:6      | Reached skill level 3 in Necromancy
  6729 | D:6      | Reached skill level 3 in Translocations
  6729 | D:6      | Reached skill level 3 in Transmutations
  6729 | D:6      | Reached skill level 3 in Ice Magic
  6729 | D:6      | Reached skill level 3 in Air Magic
  6729 | D:6      | Reached skill level 3 in Earth Magic
  6729 | D:6      | Reached skill level 3 in Poison Magic
  6860 | D:6      | Noticed Duvessa
  6970 | D:6      | Noticed Dowan
  6984 | D:6      | Killed Duvessa
  6985 | D:6      | Reached XP level 9. HP: 73/73 MP: 5/16
  6986 | D:6      | Killed Dowan
  7173 | D:6      | Reached skill level 4 in Short Blades
  7173 | D:6      | Reached skill level 4 in Long Blades
  7173 | D:6      | Reached skill level 4 in Maces & Flails
  7173 | D:6      | Reached skill level 4 in Polearms
  7173 | D:6      | Reached skill level 4 in Staves
  7173 | D:6      | Reached skill level 4 in Slings
  7173 | D:6      | Reached skill level 4 in Bows
  7173 | D:6      | Reached skill level 4 in Crossbows
  7173 | D:6      | Reached skill level 4 in Throwing
  7173 | D:6      | Reached skill level 4 in Armour
  7173 | D:6      | Reached skill level 4 in Dodging
  7173 | D:6      | Reached skill level 4 in Stealth
  7173 | D:6      | Reached skill level 4 in Shields
  7173 | D:6      | Reached skill level 4 in Unarmed Combat
  7173 | D:6      | Reached skill level 5 in Spellcasting
  7173 | D:6      | Reached skill level 4 in Evocations
  8388 | D:7      | Reached skill level 8 in Fighting
  8388 | D:7      | Reached skill level 8 in Axes
  8445 | D:7      | Found a blossoming altar of Fedhas.
  8635 | D:7      | Reached skill level 5 in Invocations
  9476 | D:8      | Found a white marble altar of Elyvilon.
  9617 | D:8      | Noticed Erica
  9643 | D:8      | Killed Erica
  9644 | D:8      | Reached skill level 5 in Short Blades
  9644 | D:8      | Reached skill level 5 in Long Blades
  9644 | D:8      | Reached skill level 5 in Maces & Flails
  9644 | D:8      | Reached skill level 5 in Polearms
  9644 | D:8      | Reached skill level 5 in Staves
  9644 | D:8      | Reached skill level 5 in Slings
  9644 | D:8      | Reached skill level 5 in Bows
  9644 | D:8      | Reached skill level 5 in Crossbows
  9644 | D:8      | Reached skill level 5 in Throwing
  9644 | D:8      | Reached skill level 5 in Armour
  9644 | D:8      | Reached skill level 5 in Dodging
  9644 | D:8      | Reached skill level 5 in Stealth
  9644 | D:8      | Reached skill level 5 in Shields
  9644 | D:8      | Reached skill level 5 in Unarmed Combat
  9644 | D:8      | Reached skill level 4 in Conjurations
  9644 | D:8      | Reached skill level 4 in Hexes
  9644 | D:8      | Reached skill level 4 in Summonings
  9644 | D:8      | Reached skill level 4 in Necromancy
  9644 | D:8      | Reached skill level 4 in Translocations
  9644 | D:8      | Reached skill level 4 in Transmutations
  9644 | D:8      | Reached skill level 4 in Ice Magic
  9644 | D:8      | Reached skill level 4 in Air Magic
  9644 | D:8      | Reached skill level 4 in Earth Magic
  9644 | D:8      | Reached skill level 4 in Poison Magic
  9644 | D:8      | Reached skill level 5 in Evocations
  9644 | D:8      | Reached XP level 10. HP: 55/81 MP: 12/18
  9992 | D:8      | You pick up a book of Cantrips and begin reading...
  9992 | D:8      | You add the spells Animate Skeleton, Summon Small Mammal
                  | and Apportation to your library.
 10000 | D:8      | Noticed a centaur warrior
 10006 | D:8      | HP: 20/81 [centaur warrior/arrow (18)]
 10007 | D:8      | HP: 4/81 [centaur warrior/arrow (17)]
 10007 | D:8      | Shot with an arrow by a centaur warrior

Vanquished Creatures
  Erica (D:8)
  Sigmund (D:4)
  2 water moccasins
  Duvessa (D:6)
  2 black bears
  A hornet zombie (D:7)
  An ice beast (D:6)
  2 centaurs
  An ogre (D:4)
  2 phantoms (D:6)
  4 kobold brigands (Sewer)
  2 bullfrogs
  4 scorpions
  Dowan (D:6)
  3 water moccasin skeletons
  5 killer bees (D:7)
  3 wights (D:6)
  A howler monkey (D:4)
  3 hounds
  A centaur zombie (D:5)
  A gnoll shaman (D:4)
  3 orc priests
  2 centaur skeletons (D:7)
  6 iguanas
  2 orc wizards (D:6)
  A hound zombie (D:5)
  7 gnolls
  5 adders
  A shadow imp (D:6)
  2 white imps
  An ufetubus (D:6)
  2 dart slugs
  10 orcs
  8 bats
  11 endoplasms
  7 giant cockroaches
  7 goblins
  10 hobgoblins
  3 jackals (D:1)
  5 quokkas
  4 ball pythons
  4 frilled lizards
  21 kobolds
  7 rats
171 creatures vanquished.

Vanquished Creatures (collateral kills)
  4 foxfires (Sewer)
4 creatures vanquished.

Vanquished Creatures (others)
  77 foxfires
  5 fungi (D:3)
  6 plants
  2 toadstools (D:3)
90 creatures vanquished.

Grand Total: 265 creatures vanquished

Table legend:
 A = Non-vault XP
 B = Vault XP
 C = Vault XP percentage of total XP
 D = Non-vault monster count
 E = Vault monster count
 F = Vault count percentage of total count
                 A         B        C        D         E       F
            +---------+---------+-------+---------+---------+-------
      Total |    3712 |    1711 |  31.6 |     136 |      35 |  20.5
            +---------+---------+-------+---------+---------+-------
        D:1 |      38 |       0 |   0.0 |      23 |       0 |   0.0
        D:2 |      27 |       3 |  10.0 |      17 |       2 |  10.5
        D:3 |     137 |       0 |   0.0 |      22 |       0 |   0.0
        D:4 |     369 |     239 |  39.3 |      18 |       5 |  21.7
        D:5 |     690 |       0 |   0.0 |      17 |       0 |   0.0
        D:6 |    1301 |     214 |  14.1 |      24 |       2 |   7.7
        D:7 |    1060 |       0 |   0.0 |      14 |       0 |   0.0
        D:8 |      90 |     842 |  90.3 |       1 |       1 |  50.0
      Sewer |       0 |     413 | 100.0 |       0 |      25 | 100.0
            +---------+---------+-------+---------+---------+-------

Illustrated notes

Table legend:
 A = Kills in this place as a percentage of kills in entire the game.
 B = Kills by you in this place as a percentage of kills by you in the entire game.
 C = Kills by friends in this place as a percentage of kills by friends in the entire game.
 D = Other kills in this place as a percentage of other kills in the entire game.
 E = Experience gained in this place as a percentage of experience gained in the entire game.
 F = Experience gained in this place divided by the number of levels of this place that you have seen.
                   A       B       C       D       E      F
               +-------+-------+-------+-------+-------+----------------------
         Total | 100.0 | 100.0 |   N/A |   N/A | 100.0 | 602.6
       Dungeon |  85.4 |  85.4 |   N/A |   N/A |  92.4 | 626.2
         Sewer |  14.6 |  14.6 |   N/A |   N/A |   7.6 | 413.0
               +-------+-------+-------+-------+-------+----------------------

Table legend: (Time is in decaauts)
 A = Elapsed time spent in this place.
 B = Non-inter-level travel time spent in this place.
 C = Inter-level travel time spent in this place.
 D = Time resting spent in this place.
 E = Time spent auto-exploring this place.
 F = Levels seen in this place.
 G = Mean time per level.
                   A        B        C        D        E       F      G
               +--------+--------+--------+--------+--------+-----+--------+
         Total |  10067 |   9814 |    253 |   2481 |   4535 |   9 | 1118.6 |
       Dungeon |   8967 |   8714 |    253 |   1953 |   4300 |   8 | 1120.9 |
         Sewer |   1100 |   1100 |      0 |    528 |    235 |   1 | 1100.0 |
               +--------+--------+--------+--------+--------+-----+--------+

Top non-repeatable levels by time:
     D:6: 1571 daAuts
     D:4: 1541 daAuts
     D:7: 1319 daAuts
     D:5: 1300 daAuts
   Sewer: 1100 daAuts
     D:1: 1088 daAuts
     D:3: 936 daAuts
     D:2: 782 daAuts
     D:8: 427 daAuts
